 Dungeon Crawl Stone Soup version 0.28.0 (webtiles) character file.

Game seed: 11918326448904650111

973 bande the Chopper (level 8, -1/49 HPs)
             Began as a Gargoyle Fighter on Feb 6, 2022.
             Killed from afar by Dowan (17 damage)
             ... with a shard of ice
             ... on level 4 of the Dungeon.
             The game lasted 00:06:53 (4531 turns).

bande the Chopper (Gargoyle Fighter)                Turns: 4531, Time: 00:06:53

Health: -1/49      AC: 13    Str: 19    XL:     8   Next: 16%
Magic:  8/8        EV: 13    Int: 10    God:
Gold:   199        SH:  6    Dex: 11    Spells: 7/7 levels left

rFire   . . .      SeeInvis .   a - +1 war axe
rCold   . . .      Faith    .   c - +1 buckler
rNeg    + . .      Spirit   .   b - +0 scale mail
rPois   ∞          Reflect  .   (no helmet)
rElec   +          Harm     .   (no cloak)
rCorr   .          Rampage  .   (no gloves)
Will    .....                   (no boots)
Stlth   ..........              (no amulet)
HPRegen 0.16/turn               f - +4 ring of evasion
MPRegen 0.11/turn               h - ring of flight

@: flying
A: sickness immunity, AC +5, negative energy resistance 1, electricity
resistance, torment resistance 1, petrification resistance, hooves 1
a: no special abilities


You were on level 4 of the Dungeon.
You visited 1 branch of the dungeon, and saw 4 of its levels.

You collected 199 gold pieces.

Inventory:

Hand Weapons
 a - a +1 war axe (weapon)
Armour
 b - a +0 scale mail (worn)
 c - a +1 buckler (worn)
Jewellery
 f - a +4 ring of evasion (left hand)
 h - a ring of flight (right hand)
 i - an amulet of magic regeneration
Wands
 g - a wand of flame (9)
 j - a wand of iceblast (10)
Potions
 d - a potion of might
 e - 3 potions of haste
 k - a potion of invisibility
 l - a potion of resistance
 m - a potion of lignification {unknown}
 n - 2 potions of cancellation {unknown}


   Skills:
 + Level 5.0 Fighting
 + Level 6.0 Axes
 + Level 5.3 Armour
 + Level 4.6 Shields
 * Level 2.3 Evocations


You had 7 spell levels left.
You didn't know any spells.
Your spell library was empty.

Dungeon Overview and Level Annotations

Branches:
Dungeon (4/15)
 Temple: D:4-7

Altars:
Uskayaw

Annotations:
D:4 Dowan


Innate Abilities, Weirdness & Mutations

You are immune to sickness and miasma.
Your stone body is resilient. (AC +5)
You are immune to poison.
You resist negative energy. (rN+)
You are resistant to electric shocks. (rElec)
You are resistant to unholy torment.
You are immune to petrification.
You have large cloven feet.


Message History

The hobgoblin closely misses you.
Unknown command.
You slash Duvessa!
You kill Duvessa!
Dowan's eyes darken. "You have made a black mistake."
Dowan seems to find hidden reserves of power!
You hit Dowan but do no damage. You barely miss the hobgoblin.
Dowan gestures at you while chanting. You block the shard of ice.
The hobgoblin hits you but does no damage.
Dowan hits you but does no damage.
Your Fighting skill increases to level 5!
Your Axes skill increases to level 6!
Unknown command.
You closely miss Dowan. Your kick misses Dowan.
Dowan is moderately wounded.
You hit the hobgoblin but do no damage. Dowan hits you with a +0 dagger.
The hobgoblin misses you. You block Dowan's attack.
You hit Dowan. You kick Dowan.
Dowan is heavily wounded.
You hit the hobgoblin.
You kill the hobgoblin!
Dowan hits you with a +0 dagger. Dowan hits you but does no damage.
You closely miss Dowan. Your kick misses Dowan.
Dowan is heavily wounded.
Dowan barely misses you.
You miss Dowan.
Dowan is heavily wounded.
Dowan closely misses you. Dowan hits you but does no damage.
You barely miss Dowan. Your kick misses Dowan.
Dowan is heavily wounded.
Dowan gestures at you while chanting. The shard of ice hits you!
Dowan says, "Magic will overcome all!"
Dowan barely misses you.
You slash Dowan! Your kick misses Dowan.
Dowan is almost dead.
Dowan casts a spell at you. The shard of ice hits you!
You die...

...... ...... #....#
#+#######.##.# ######
..........##.##......
..........##.#...## # .
.....[.........# .#.#..#
.........###...##.....##
.........# #....@)._....
.........# #..!##e....##
###+##'####...# .#.#..#
#.......+.... ## # .
####.####..... #.#
#...... #.# ###### #.#
#.#


You could see Dowan (fast).

Vanquished Creatures
  The ghost of laceratedsky the Chopper, an amateur MiBe of Trog (D:3)
  Grinder (D:3)
  Sigmund (D:3)
  Duvessa (D:4)
  The ghost of KrombopulosMichael the Conjurer, an amateur DECj (D:3)
  Ijyb (D:3)
  A killer bee zombie (D:4)
  4 gnolls
  5 adders (D:2)
  A shadow imp (D:3)
  An orc (D:3)
  4 ball pythons
  5 endoplasms
  3 giant cockroaches
  5 hobgoblins
  5 quokkas
  7 bats
  4 frilled lizards
  7 goblins
  9 kobolds
  9 rats
76 creatures vanquished.

Vanquished Creatures (others)
  2 plants (D:1)
  6 withered plants (D:3)
8 creatures vanquished.

Grand Total: 84 creatures vanquished

Notes
Turn   | Place    | Note
-------+----------+-------------------------------------------
     0 | D:1      | bande the Gargoyle Fighter began the quest for the Orb.
     0 | D:1      | Reached XP level 1. HP: 14/14 MP: 1/1
   157 | D:1      | Reached XP level 2. HP: 19/19 MP: 2/2
   265 | D:1      | Reached skill level 2 in Axes
   563 | D:1      | Reached XP level 3. HP: 23/23 MP: 3/3
  1170 | D:2      | Found a faded altar of an unknown god.
  1187 | D:2      | Reached XP level 4. HP: 27/29 MP: 4/4
  1697 | D:3      | Reached skill level 3 in Axes
  1893 | D:2      | Reached XP level 5. HP: 33/33 MP: 5/5
  2460 | D:3      | Noticed Grinder
  2471 | D:3      | Paralysed by Grinder for 2 turns
  2485 | D:3      | Paralysed by Grinder for 7 turns
  2495 | D:3      | Gained mutation: You have large cloven feet. [potion of
                  | mutation]
  2495 | D:3      | HP: 1/33 [Grinder (1)]
  2501 | D:3      | Killed Grinder
  2502 | D:3      | Reached skill level 4 in Axes
  2502 | D:3      | Reached XP level 6. HP: 13/39 MP: 6/6
  2999 | D:3      | Noticed Ijyb
  3010 | D:3      | Killed Ijyb
  3016 | D:3      | Found a runed translucent gate.
  3016 | D:3      | Found a runed translucent gate.
  3016 | D:3      | Found a runed translucent gate.
  3016 | D:3      | Noticed laceratedsky's ghost (amateur MiBe)
  3017 | D:3      | Noticed KrombopulosMichael's ghost (amateur DECj)
  3257 | D:3      | Noticed Sigmund
  3266 | D:3      | Killed Sigmund
  3267 | D:3      | Reached skill level 5 in Axes
  3267 | D:3      | Reached skill level 1 in Evocations
  3267 | D:3      | Reached XP level 7. HP: 44/44 MP: 7/7
  3934 | D:3      | Killed KrombopulosMichael's ghost
  4111 | D:3      | Killed laceratedsky's ghost
  4112 | D:3      | Reached skill level 5 in Armour
  4112 | D:3      | Reached XP level 8. HP: 17/48 MP: 8/8
  4515 | D:4      | Found a hide-covered altar of Uskayaw.
  4515 | D:4      | Noticed Duvessa
  4515 | D:4      | Noticed Dowan
  4525 | D:4      | Killed Duvessa
  4526 | D:4      | Reached skill level 5 in Fighting
  4526 | D:4      | Reached skill level 6 in Axes
  4531 | D:4      | Killed from afar by Dowan

Illustrated notes

Levels and vault maps discovered:
D:1:      zelgadis_glass_arrival_small, layout_basic, serial_bayou_crossing
D:2:      layout_loops_ring, hellmonk_ecumenical_altar_zigzags,
          minmay_goblin_kobold_house
D:3:      layout_basic, gammafunk_ghost_cemetery, uniq_ijyb, uniq_sigmund,
          uniq_grinder
D:4:      layout_basic, mainiacjoe_overflow_small_starburst, moated_statue,
          uniq_duvessa, uniq_menkaure

Skill      XL: |  1  2  3  4  5  6  7  8 |
---------------+-------------------------+-----
Axes           | 2 3 4 5 6 |  6.0
Armour         | 4 5 |  5.3
Fighting       | 4 5 |  5.0
Shields        | 4 |  4.6
Evocations     | 1 2 |  2.3

Action                   |  1- 3 |  4- 6 |  7- 9 || total
-------------------------+-------+-------+-------++-------
Melee: War axe           |   106 |   129 |    48 ||   283
       Kick              |       |     5 |    14 ||    19
  Use: Scroll            |     4 |     3 |     2 ||     9
       Potion            |       |     2 |       ||     2
Armor: Scale mail        |    50 |    55 |    20 ||   125
Dodge: Dodged            |    67 |    92 |    34 ||   193
Block: Buckler           |    24 |    35 |    15 ||    74
